 Dungeon Crawl Stone Soup version 0.24-a0-524-gf43b32f898 (webtiles) character file.

Game seed: 9439305383020969857

594 Gargoyl the Skirmisher (level 7, -3/59 HPs)
             Began as a Centaur Abyssal Knight on July 31, 2019.
             Was a Believer of Lugonu.
             Slain by Menkaure (18 damage)
             ... on level 5 of the Dungeon.
             The game lasted 00:06:38 (5895 turns).

Gargoyl the Skirmisher (Centaur Abyssal Knight)     Turns: 5895, Time: 00:06:39

Health: -3/59      AC:  9    Str: 15    XL:     7   Next: 16%
Magic:  9/9        EV:  7    Int: 11    God:    Lugonu [**....]
Gold:   247        SH:  0    Dex: 10    Spells: 6/6 levels left

rFire    + . .     SeeInvis .   a - +3 hand axe
rCold    + + .     Gourm    .   (no shield)
rNeg     . . .     Faith    .   p - +1 chain mail
rPois    .         Spirit   .   (no helmet)
rElec    .         Reflect  .   (no cloak)
rCorr    .         Harm     .   (no gloves)
MR       .....                  (no barding)
Stlth    ..........             (no amulet)
HPRegen  0.19/turn              j - ring of protection from fire
MPRegen  0.11/turn              (no ring)

@: very quick
A: large, hooves 3, repulsion field 1, cold resistance 2, deformed body, speed
2, tough skin 3
a: Depart the Abyss, Bend Space, Renounce Religion


You were on level 5 of the Dungeon.
You worshipped Lugonu.
Lugonu was pleased with you.
You were not hungry.

You visited 1 branch of the dungeon, and saw 5 of its levels.
You visited the Abyss 1 time.

You collected 247 gold pieces.

Inventory:

Hand Weapons
 a - a +3 hand axe (weapon)
Missiles
 i - 4 boomerangs (quivered)
Armour
 p - a +1 chain mail (worn)
Jewellery
 j - a ring of protection from fire (left hand)
 k - an uncursed amulet of regeneration {unknown}
Scrolls
 b - a scroll of blinking
 d - 3 scrolls of teleportation
 e - 3 scrolls of remove curse
 l - a scroll of magic mapping
Potions
 g - 3 potions of curing
 h - 2 potions of flight {unknown}
 o - a potion of agility {unknown}
 q - a potion of berserk rage {unknown}
Comestibles
 c - 5 rations


   Skills:
 + Level 4.0 Fighting
 + Level 4.0 Axes
 + Level 1.0 Throwing
 * Level 3.3 Armour
 * Level 2.2 Dodging
 * Level 3.5 Invocations


You had 6 spell levels left.
You didn't know any spells.
Your spell library was empty.

Dungeon Overview and Level Annotations

Branches:
Dungeon (5/15)
 Temple: D:4-7

Altars:
Qazlal
The Shining One

Annotations:
D:5 Menkaure


Innate Abilities, Weirdness & Mutations

You have hooves in place of feet.
Armour fits poorly on your strangely shaped body.
You cover ground very quickly.
You have extremely tough skin. (AC +3)
You are surrounded by a mild repulsion field. (EV +2)
Your flesh is very cold resistant. (rC++)


Message History

Menkaure is lightly damaged.
Menkaure gestures at you while chanting.
Pain shoots through your body!
You hit Menkaure.
Menkaure is moderately damaged.
Menkaure hits you.
You hit Menkaure.
Menkaure is heavily damaged.
Menkaure hits you!
You hit Menkaure. You kick Menkaure, but do no damage.
Menkaure is severely damaged.
Menkaure hits you!
* * * LOW HITPOINT WARNING * * *
Your chain mail prevents you from hitting Menkaure.
Menkaure is severely damaged.
Menkaure hits you but does no damage.
Your chain mail prevents you from hitting Menkaure.
Menkaure is severely damaged.
Menkaure hits you!!
You die...

#... .. ##...... .#
#....... ..###.......
.......##..##......
......##....#.....##
#...#............#..
###......##...........
##.........##.....##...
#....M@.#.##.......##..
#.....#..#.........##...
#+##. #..#.....##..##...
# #..##....##......#
##..#...##.......#
..###............
..###.#..........
......#†#.......#
#.......#.#######


You could see Menkaure.

Vanquished Creatures
  A black bear (D:5)
  A centaur (D:5)
  A crimson imp (D:4)
  2 hounds (D:5)
  An orc priest (D:4)
  An orc wizard (D:3)
  2 worker ants
  A worker ant zombie (D:4)
  4 gnolls
  6 adders
  An ooze (D:5)
  4 worms
  4 dart slugs
  4 leopard geckos
  11 orcs
  2 ball pythons (D:4)
  5 bats
  2 giant cockroaches (D:4)
  3 goblins
  4 hobgoblins
  12 jackals
  3 frilled lizards
  4 kobolds
  A quokka skeleton (D:4)
  5 rats
85 creatures vanquished.

Notes
Turn   | Place    | Note
-------+----------+-------------------------------------------
     0 | Abyss:1  | Gargoyl the Centaur Abyssal Knight began the quest for the
                  | Orb.
     0 | Abyss:1  | Reached XP level 1. HP: 19/19 MP: 2/2
    45 | Abyss:1  | Noticed an iron imp
    47 | Abyss:1  | Noticed a ynoxinul
    57 | Abyss:1  | Noticed a lich
    62 | Abyss:1  | Gained mutation: You are surrounded by a mild repulsion
                  | field. (EV +2) [potion of mutation]
    62 | Abyss:1  | Gained mutation: Your flesh is cold resistant. (rC+)
                  | [potion of mutation]
    62 | Abyss:1  | Gained mutation: Your flesh is very cold resistant. (rC++)
                  | [potion of mutation]
    68 | D:1      | Escaped the Abyss
   127 | D:1      | Reached XP level 2. HP: 24/26 MP: 3/3
   309 | D:1      | Reached * piety under Lugonu
   795 | D:2      | Reached skill level 1 in Dodging
   831 | D:2      | Found a stormy altar of Qazlal.
   959 | D:2      | Reached XP level 3. HP: 24/31 MP: 4/4
  1496 | D:3      | Reached XP level 4. HP: 16/38 MP: 5/5
  1955 | D:3      | Reached ** piety under Lugonu
  2511 | D:3      | Reached XP level 5. HP: 20/45 MP: 7/7
  3348 | D:4      | Found a glowing golden altar of the Shining One.
  3373 | D:3      | Reached skill level 1 in Throwing
  4188 | D:4      | Reached XP level 6. HP: 18/52 MP: 8/8
  4641 | D:5      | Entered Level 5 of the Dungeon
  5497 | D:5      | Reached XP level 7. HP: 26/59 MP: 9/9
  5886 | D:5      | Noticed Menkaure
  5895 | D:5      | Slain by Menkaure

Levels and vault maps discovered:
D:1:      minmay_arrival_nine_rooms, layout_basic
D:2:      layout_rooms, grunt_qazlal_clouds
D:3:      layout_basic
D:4:      layout_basic, tso_oasis_becter, serial_curves, eino_curves_01,
          eino_curves_04
D:5:      layout_cave_pools, first_ration, kennysheep_generic_room_14,
          uniq_menkaure

Skill      XL: |  1  2  3  4  5  6  7 |
---------------+----------------------+-----
Axes           | 2 3 4 |  4.0
Dodging        | 1 2 |  2.2
Armour         | 2 3 |  3.3
Throwing       | 1 |  1.0
Invocations    | 3 |  3.5
Fighting       | 4 |  4.0

Action                   |  1- 3 |  4- 6 |  7- 9 || total
-------------------------+-------+-------+-------++-------
Melee: Hand axe          |    76 |   174 |    20 ||   270
       Kick              |     6 |    36 |     5 ||    47
Throw: Boomerang         |       |    24 |       ||    24
Invok: Depart the Abyss  |     1 |       |       ||     1
       Bend Space        |       |     1 |       ||     1
  Use: Scroll            |    10 |     2 |       ||    12
       Potion            |     1 |       |       ||     1
  Eat: Chunk             |       |    10 |       ||    10
       Ration            |       |     1 |       ||     1
Armor: Leather armour    |    35 |    24 |       ||    59
       Chain mail        |       |    53 |    15 ||    68
Dodge: Dodged            |    72 |    84 |     4 ||   160

Table legend:
 A = Non-vault XP
 B = Vault XP
 C = Vault XP percentage of total XP
 D = Non-vault monster count
 E = Vault monster count
 F = Vault count percentage of total count
                 A         B        C        D         E       F
            +---------+---------+-------+---------+---------+-------
      Total |     849 |       0 |   0.0 |      85 |       0 |   0.0
            +---------+---------+-------+---------+---------+-------
        D:1 |      28 |       0 |   0.0 |      14 |       0 |   0.0
        D:2 |      39 |       0 |   0.0 |      15 |       0 |   0.0
        D:3 |     189 |       0 |   0.0 |      32 |       0 |   0.0
        D:4 |     195 |       0 |   0.0 |      16 |       0 |   0.0
        D:5 |     398 |       0 |   0.0 |       8 |       0 |   0.0
            +---------+---------+-------+---------+---------+-------
